 Dungeon Crawl Stone Soup version 0.22.1-2-g9c5b331 (webtiles) character file.

14031 teukkam the Fighter (level 11, -1/107 HPs)
             Began as a Minotaur Fighter on Dec 7, 2018.
             Was a Priest of Wu Jian.
             Slain by a six-headed hydra (3 damage)
             ... on level 2 of the Lair of Beasts.
             The game lasted 00:38:29 (9420 turns).

teukkam the Fighter (Minotaur Fighter)              Turns: 9420, Time: 00:38:30

Health: -1/107     AC:  6    Str: 23    XL:     11   Next: 83%
Magic:  10/10      EV:  9    Int:  7    God:    Wu Jian [***...]
Gold:   640        SH: 10    Dex: 11    Spells: 10/10 levels left

rFire    . . .     SeeInvis +   a - +10 war axe of Teschooda {pain, Int+2}
rCold    . . .     Gourm    .   t - +0 shield
rNeg     . . .     Faith    .   M - +0 troll leather armour
rPois    .         Spirit   .   (helmet restricted)
rElec    .         Reflect  .   (no cloak)
rCorr    +         Harm     .   (no gloves)
MR       .....                  A - +0 pair of boots
Stlth    +.........             (no amulet)
HPRegen  0.67/turn              E - ring of resist corrosion
MPRegen  0.12/turn              g - ring of see invisible

@: no status effects
A: retaliatory headbutt, horns 2
a: Wall Jump, Serpent's Lash, Renounce Religion


You were on level 2 of the Lair of Beasts.
You worshipped Wu Jian.
Wu Jian was most pleased with you.
You were not hungry.

You visited 3 branches of the dungeon, and saw 14 of its levels.
You also visited: Sewer.

You collected 712 gold pieces.
You spent 72 gold pieces at shops.

Inventory:

Hand Weapons
 a - the +10 war axe of Teschooda (weapon) {pain, Int+2}
   (You found it on level 1 of the Lair of Beasts)

   In the hands of one skilled in necromantic magic, it inflicts extra damage on
   living creatures.
   It affects your intelligence (+2).
 b - a +0 hunting sling
 c - a +2 hand axe of holy wrath
 h - a +0 war axe
 B - a +0 arbalest
 F - a +0 blowgun
 H - a +2 falchion
 N - a +0 dagger of distortion
 Q - a +0 shortbow
 W - a +3 trident of freezing
 Z - a +3 dagger of electrocution
Missiles
 e - 2 throwing nets
 o - 106 bolts
 q - 296 stones
 r - 177 arrows
 D - 32 sling bullets
 G - 56 poisoned needles
 U - 8 curare-tipped needles
 Y - 5 poisoned tomahawks (quivered)
Armour
 l - a +1 chain mail
 t - a +0 shield (worn)
 A - a +0 pair of boots (worn)
 M - a +0 troll leather armour (worn)
Jewellery
 g - a ring of see invisible (right hand)
 E - a ring of resist corrosion (left hand)
 J - an uncursed ring of magical power
 P - a +5 ring of intelligence
 R - an uncursed ring of ice
 T - a +4 ring of intelligence
Wands
 p - a wand of paralysis (7)
Scrolls
 i - 12 scrolls of identify
 j - 2 scrolls of remove curse
 n - 2 scrolls of blinking
 s - 8 scrolls of teleportation
 v - 2 scrolls of magic mapping
 C - 4 scrolls of enchant weapon
 S - a scroll of enchant armour
 V - a scroll of fog
 X - a scroll of amnesia
Potions
 d - a potion of magic {unknown}
 k - 5 potions of curing
 m - a potion of lignification {unknown}
 u - 5 potions of heal wounds {unknown}
 w - a potion of haste {unknown}
 x - 4 potions of brilliance {unknown}
 y - a potion of degeneration {unknown}
 z - a potion of cancellation {unknown}
 I - a potion of invisibility {unknown}
 K - a potion of agility {unknown}
 L - 3 potions of flight {unknown}
 O - a potion of resistance {unknown}
Comestibles
 f - 12 rations


   Skills:
 + Level 13.0 Fighting
 - Level 11.2 Short Blades
 + Level 4.0 Axes
 + Level 11.1(11.4) Slings
 + Level 3.9(7.6) Throwing
 - Level 5.1 Armour
 - Level 5.1 Shields


You had 10 spell levels left.
You didn't know any spells.
Your spell library contained the following spells:

 Spells                   Type           Power        Failure   Level  Hunger
 Corona                   Hex            #......      88%         1    ##.....
 Magic Dart               Conj           #...         88%         1    ##.....
 Ensorcelled Hibernation  Hex/Ice        #.....       96%         2    ###....
 Searing Ray              Conj           #.....       96%         2    ###....
 Confuse                  Hex            #.......     99%         3    ####...
 Dazzling Spray           Conj/Hex       #.....       99%         3    ####...
 Tukima's Dance           Hex            #.......     99%         3    ####...
 Force Lance              Conj/Tloc      #.......     100%        4    #####..
 Fulminant Prism          Conj/Hex       #.........   100%        4    #####..
 Iskenderun's Mystic Bla  Conj           #.......     100%        4    #####..


Dungeon Overview and Level Annotations

Branches:
Dungeon (11/15)            Temple (1/1) D:7            Lair (2/6) D:9
    Orc (0/2) D:10
  Swamp: Lair:2-4    Shoals: Lair:2-4     Snake: Lair:2-4    Spider: Lair:2-4

Altars:
Ashenzari
Cheibriados
Dithmenos
Elyvilon
Fedhas
Gozag
Hepliaklqana
Kikubaaqudgha
Makhleb
Nemelex Xobeh
Okawaru
Qazlal
Ru
Sif Muna
Trog
Uskayaw
Vehumet
Wu Jian
Xom
Yredelemnul
Zin
The Shining One

Shops:
D:8 %*


Innate Abilities, Weirdness & Mutations

You reflexively headbutt those who attack you in melee.
You have a pair of horns on your head.


Message History

* * * LOW HITPOINT WARNING * * *
You attack the six-headed hydra from above.
Your shield prevents you from hitting the six-headed hydra.
The six-headed hydra is moderately wounded.
You block the six-headed hydra's attack. x2
The six-headed hydra bites you!
* * * LOW HITPOINT WARNING * * *
The six-headed hydra closely misses you.
The six-headed hydra bites you.
* * * LOW HITPOINT WARNING * * *
You block the six-headed hydra's attack.
The six-headed hydra bites you.
* * * LOW HITPOINT WARNING * * *
The six-headed hydra bites you!
* * * LOW HITPOINT WARNING * * *
The six-headed hydra bites you.
* * * LOW HITPOINT WARNING * * *
The six-headed hydra bites you but does no damage.
The six-headed hydra bites you.
You die...

## #....###..#........
..###....P......#.....#
...............###..P..
.............##.#.....
#......#.##..#.......
#....#..##........P.
##.....#.....<......
##§§§#.......P#.....
#.D@§#.#P.....###..#
#...#§§####..##..#....
......##.(#
##..##.##.... .......
##(###P.###.......
.......
#(.#...P#..###..P
.......
.............#P..
.P#...#
................#
.##...
...........P#...#
.##...P#.#####..


You could see a six-headed hydra.

Vanquished Creatures
  Gastronok (D:8)
  A hydra (Lair:1)
  2 two-headed ogres (D:8)
  Sonja (Lair:2)
  A black mamba (Lair:1)
  Joseph (D:7)
  2 spiny frogs
  A gargoyle (D:10)
  A komodo dragon (Lair:2)
  A centaur skeleton (D:10)
  3 trolls
  Prince Ribbit (D:8)
  A hornet (D:8)
  3 blink frogs (Lair:1)
  3 hippogriffs
  5 yaks (D:9)
  2 wyverns
  A basilisk (Lair:1)
  2 water moccasins (Lair:1)
  4 porcupines
  2 orc warriors
  5 ice beasts
  3 sky beasts
  A necrophage (D:10)
  An ogre (D:8)
  5 centaurs
  A crocodile (D:9)
  A big kobold (D:6)
  7 bullfrogs
  3 scorpions
  7 killer bees
  8 wights
  5 crimson imps
  A quasit (D:10)
  2 jellies
  3 bullfrog skeletons
  3 orc priests
  2 hounds
  5 iguanas
  10 orc wizards
  5 worker ants
  A hound zombie (D:5)
  A hound skeleton (D:4)
  A howler monkey zombie (D:5)
  10 adders
  3 shadow imps
  An adder skeleton (D:5)
  An adder zombie (D:10)
  3 worms (D:2)
  2 dart slugs (D:2)
  2 leopard geckos
  43 orcs
  3 ball pythons
  11 giant cockroaches
  2 goblins
  6 hobgoblins
  7 jackals
  A quokka (D:8)
  A ball python skeleton (D:4)
  11 bats
  14 frilled lizards
  9 kobolds
  A leopard gecko skeleton (D:7)
  8 rats
259 creatures vanquished.

Notes
Turn   | Place    | Note
-------+----------+-------------------------------------------
     0 | D:1      | teukkam the Minotaur Fighter began the quest for the Orb.
     0 | D:1      | Reached XP level 1. HP: 19/19 MP: 0/0
   185 | D:2      | Noticed a jelly
   191 | D:2      | Killed a jelly
   191 | D:2      | Reached skill level 4 in Fighting
   191 | D:2      | Reached XP level 2. HP: 26/27 MP: 1/1
   191 | D:2      | Reached XP level 3. HP: 32/33 MP: 2/2
   589 | D:3      | Found a hide-covered altar of Uskayaw.
   742 | D:3      | Found an iron altar of Okawaru.
   880 | D:4      | Reached XP level 4. HP: 35/41 MP: 3/3
   929 | D:4      | Reached skill level 1 in Short Blades
   968 | D:4      | Paralysed by an orc for 5 turns
   976 | D:4      | Reached XP level 5. HP: 41/47 MP: 4/4
  1023 | D:4      | Found a glowing drain.
  1077 | Sewer    | Entered a sewer
  1564 | D:4      | Found a bloodstained altar of Trog.
  1595 | D:5      | Entered Level 5 of the Dungeon
  1655 | D:5      | Reached skill level 5 in Fighting
  1655 | D:5      | Reached skill level 5 in Armour
  1655 | D:5      | Reached skill level 5 in Shields
  1672 | D:5      | Reached XP level 6. HP: 44/56 MP: 5/5
  1835 | D:5      | Noticed an ice beast
  1847 | D:5      | Killed an ice beast
  1847 | D:5      | Reached skill level 1 in Slings
  2200 | D:6      | Noticed a sky beast
  2216 | D:6      | Killed a sky beast
  2216 | D:6      | Reached XP level 7. HP: 23/62 MP: 6/6
  2313 | D:6      | Reached skill level 6 in Fighting
  2534 | D:7      | Noticed Joseph
  2550 | D:7      | Killed Joseph
  2550 | D:7      | Reached skill level 7 in Fighting
  2573 | D:7      | Found a staircase to the Ecumenical Temple.
  2580 | Temple   | Entered the Ecumenical Temple
  2686 | D:6      | Reached skill level 5 in Short Blades
  2686 | D:6      | Reached XP level 8. HP: 62/73 MP: 7/7
  2752 | D:6      | Found a burning altar of Makhleb.
  3409 | D:2      | Found a glowing golden altar of the Shining One.
  4885 | D:7      | Reached skill level 5 in Slings
  4970 | D:8      | Reached skill level 8 in Fighting
  4974 | D:8      | Noticed a two-headed ogre
  4999 | D:8      | Found a hazy altar of Hepliaklqana.
  5021 | D:8      | Found a shadowy altar of Dithmenos.
  5058 | D:8      | Found a sacrificial altar of Ru.
  5065 | D:8      | Found Dootut's Food Shop.
  5067 | D:8      | Noticed a hornet
  5099 | D:8      | Killed a two-headed ogre
  5099 | D:8      | Reached skill level 9 in Fighting
  5099 | D:8      | Reached XP level 9. HP: 68/83 MP: 8/8
  5447 | D:8      | Noticed Gastronok
  5461 | D:8      | Killed Gastronok
  5461 | D:8      | Reached skill level 10 in Fighting
  5461 | D:8      | Reached XP level 10. HP: 61/94 MP: 9/9
  5701 | D:8      | Found an ornate altar of the Wu Jian Council.
  5729 | D:8      | Found a radiant altar of Vehumet.
  5755 | D:8      | Found an ancient bone altar of Kikubaaqudgha.
  5767 | D:8      | Found a deep blue altar of Sif Muna.
  5797 | D:8      | Became a worshipper of the Wu Jian Council
  5949 | D:8      | Noticed a two-headed ogre
  5967 | D:8      | Killed a two-headed ogre
  5967 | D:8      | Reached skill level 11 in Fighting
  6158 | D:8      | Noticed Prince Ribbit
  6247 | D:8      | Killed Prince Ribbit
  6282 | D:8      | Found Zyrum's Island Escapes.
  6310 | D:8      | Bought a scroll of teleportation for 36 gold pieces
  6310 | D:8      | Bought a scroll of teleportation for 36 gold pieces
  6443 | D:9      | Reached skill level 10 in Short Blades
  6492 | D:9      | Found a staircase to the Lair.
  6600 | Lair:1   | Entered Level 1 of the Lair of Beasts
  6602 | Lair:1   | Noticed a spiny frog
  6612 | Lair:1   | Reached * piety under Wu Jian
  6624 | Lair:1   | Killed a spiny frog
  6898 | Lair:1   | Reached XP level 11. HP: 80/104 MP: 10/10
  6912 | Lair:1   | Reached skill level 12 in Fighting
  6912 | Lair:1   | Reached skill level 10 in Slings
  7369 | D:9      | Noticed a tengu warrior
  7369 | D:9      | Noticed a tengu warrior
  7478 | D:10     | Entered Level 10 of the Dungeon
  7709 | D:10     | Reached skill level 1 in Throwing
  7712 | D:10     | Reached ** piety under Wu Jian
  8139 | D:10     | Reached *** piety under Wu Jian
  8161 | D:10     | Found a staircase to the Orcish Mines.
  8597 | Lair:1   | Noticed a five-headed hydra
  8606 | Lair:1   | Killed a five-headed hydra
  8703 | Lair:1   | Got a faintly glowing war axe
  8706 | Lair:1   | Identified the +10 war axe of Teschooda {pain, Int+2} (You
                  | found it on level 1 of the Lair of Beasts)
  9077 | Lair:2   | Noticed Sonja
  9090 | Lair:2   | Killed Sonja
  9384 | Lair:2   | Reached skill level 13 in Fighting
  9410 | Lair:2   | Noticed a five-headed hydra
  9420 | Lair:2   | HP: 3/107 [six-headed hydra (13)]
  9420 | Lair:2   | Slain by a six-headed hydra

Skill      XL: |  1  2  3  4  5  6  7  8  9 10 11 |
---------------+----------------------------------+-----
Fighting       | 4 5 7 9 10 11 13 | 13.0
Axes           | 3 4 |  4.0
Armour         | 4 5 |  5.1
Shields        | 4 5 |  5.1
Short Blades   | 1 2 3 5 7 8 10 11 | 11.2
Slings         | 2 4 6 8 9 11 | 11.1
Throwing       | 3 |  3.9

Action                   |  1- 3 |  4- 6 |  7- 9 | 10-12 || total
-------------------------+-------+-------+-------+-------++-------
Melee: War axe           |    11 |       |       |    21 ||    32
       Headbutt          |     6 |    22 |    35 |    83 ||   146
       Dagger            |    37 |   113 |   197 |   398 ||   745
       Hand axe          |       |    10 |     4 |     3 ||    17
 Fire: Hunting sling     |       |    12 |    52 |    99 ||   163
Throw: Throwing net      |     1 |     1 |       |       ||     2
       Stone             |       |    13 |       |     1 ||    14
       Tomahawk          |       |       |       |     9 ||     9
Invok: Whirlwind         |       |       |       |   108 ||   108
       Lunge             |       |       |       |    39 ||    39
       Wall Jump         |       |       |       |     9 ||     9
Evoke: Wand              |       |       |     3 |     2 ||     5
  Use: Scroll            |       |     3 |    10 |     6 ||    19
       Potion            |       |     2 |     2 |     1 ||     5
 Stab: Paralysed         |       |       |     3 |     1 ||     4
       Distracted        |       |       |       |     1 ||     1
  Eat: Chunk             |       |     3 |     8 |     6 ||    17
       Ration            |       |     1 |       |     2 ||     3
Armor: Scale mail        |     7 |       |       |       ||     7
       Chain mail        |    17 |    53 |    65 |    63 ||   198
       Troll leather arm |       |       |       |    16 ||    16
Dodge: Dodged            |     8 |    22 |    32 |    64 ||   126
Block: Shield            |    14 |    44 |    81 |   118 ||   257
